 Dungeon Crawl Stone Soup version 0.27-a0-401-gea03ee85fd (webtiles) character file.

Game seed: 13482392557631681597

176243 gruber the Fighter (level 18, -5/146 HPs)
             Began as a Gnoll Fighter on Feb 21, 2021.
             Was an Initiate of Gozag.
             Shot with a sling bullet by a satyr (28 damage)
             ... on level 4 of the Shoals.
             The game lasted 01:36:52 (44244 turns).

gruber the Fighter (Gnoll Fighter)                 Turns: 44244, Time: 01:36:53

Health: -5/146     AC: 19    Str: 16    XL:     18   Next: 12%
Magic:  0/29       EV: 20    Int: 12    God:    Gozag
Gold:   8164       SH: 14    Dex: 17    Spells: 31/40 levels left

rFire    + + .     SeeInvis +   L - +8 spear "Sidghiat" {vamp, +Fly rF+ rC+ rN+ MP-9}
rCold    + + +     Faith    .   u - +1 kite shield {reflect}
rNeg     + + +     Spirit   +   j - +4 moon troll leather armour {Spirit, Regen++ MP+5}
rPois    +         Reflect  +   v - +2 hat of the Bear Spirit {Spirit, +Rage rN+ Will++}
rElec    +         Harm     .   W - +2 ratskin cloak {*Rats rPois rN+ Str-1 Int-1 Dex+1}
rCorr    +         Rampage  +   (no gloves)
Will     +....                  g - +2 pair of boots {rampage}
Stlth    ++........             x - amulet of magic regeneration
HPRegen  2.34/turn              n - ring "Diar" {Ice Dex+3 SInv}
MPRegen  0.46/turn              t - ring of protection from fire

@: resistant, weak-willed, afraid, wereblooded, mesmerised, glowing, studying
Fighting, invisible (but backlit and visible)
A: distributed training, fangs 1, strong nose
a: Renounce Religion, Evoke Berserk Rage, Evoke Flight, Potion Petition, Call
Merchant, Bribe Branch


You were on level 4 of the Shoals.
You worshipped Gozag.
Gozag was greatly pleased with you.
You visited 4 branches of the dungeon, and saw 27 of its levels.
You also visited: Ossuary, Bailey and Ice Cave.

You collected 11541 gold pieces.
You spent 889 gold pieces at shops.
You paid 2488 gold pieces to Gozag.

Inventory:

Hand Weapons
 A - the +10 hand crossbow of Jeubreimm {elec, rElec rN++ Dex-5}
   (You bought it in a shop on level 2 of the Orcish Mines)

   It charges the ammunition it shoots with electricity; occasionally upon a
   hit, such missiles may discharge and cause terrible harm.
   It affects your dexterity (-5).
   It insulates you from electricity.
   It greatly protects you from negative energy.
 J - the +9 long sword of Tied {protect, Int+5}
   (You found it on level 13 of the Dungeon)

   It grants its wielder temporary protection when it strikes (+7 to AC).
   It affects your intelligence (+5).
 L - the +8 spear "Sidghiat" (weapon) {vamp, +Fly rF+ rC+ rN+ MP-9}
   (You found it in an ice cave)

   It inflicts no extra harm, but heals its wielder when it wounds a living foe.
   It protects you from fire.
   It protects you from cold.
   It protects you from negative energy.
   It affects your magic capacity (-9).
   It lets you fly.
Missiles
 B - 182 bolts
 H - 9 javelins (quivered)
 T - 6 curare-tipped darts
Armour
 g - a +2 pair of boots of rampaging (worn)
 j - the +4 moon troll leather armour (worn) {Spirit, Regen++ MP+5}
   (You found it on level 1 of the Lair of Beasts)

   It affects your magic capacity (+5).
   It increases your rate of regeneration.
 u - a +1 kite shield of reflection (worn)
 v - the +2 hat of the Bear Spirit (worn) {Spirit, +Rage rN+ Will++}
   (You found it on level 6 of the Lair of Beasts)

   It protects you from negative energy.
   It affects your willpower, your defense against some magical effects.
   It lets you go berserk.
 O - the +10 tower shield of Ignorance {rN+ Int-4}
   (You acquired it on level 4 of the Lair of Beasts)

   It affects your intelligence (-4).
   It protects you from negative energy.
 W - the +2 ratskin cloak (worn) {*Rats rPois rN+ Str-1 Int-1 Dex+1}
   (You found it on level 11 of the Dungeon)

   It affects your strength (-1).
   It affects your intelligence (-1).
   It affects your dexterity (+1).
   It protects you from poison.
   It protects you from negative energy.
Jewellery
 n - the ring "Diar" (left hand) {Ice Dex+3 SInv}
   (You found it on level 4 of the Lair of Beasts)

   [ring of ice]

   It enhances your ice magic.
   It affects your dexterity (+3).
   It makes you vulnerable to fire.
   It protects you from cold.
   It lets you see invisible.
 q - an amulet of the acrobat {unknown}
 t - a ring of protection from fire (right hand)
 x - an amulet of magic regeneration (around neck)
 Z - a ring of protection from cold
Wands
 y - a wand of iceblast (27)
 z - a wand of digging (8)
 D - a wand of flame (31)
 K - a wand of mindburst (20)
 M - a wand of charming (12)
 S - a wand of paralysis (15)
Scrolls
 b - 5 scrolls of blinking
 h - 16 scrolls of teleportation
 i - 11 scrolls of identify
 k - 8 scrolls of amnesia
 o - 4 scrolls of fog
 w - 11 scrolls of magic mapping
 P - a scroll of holy word
 Q - a scroll of silence
 R - 2 scrolls of fear
Potions
 a - a potion of berserk rage
 d - 5 potions of might
 e - 4 potions of haste
 f - 6 potions of invisibility
 l - 7 potions of curing
 m - 3 potions of brilliance
 p - 2 potions of magic
 r - 3 potions of resistance
 s - a potion of flight
 C - 7 potions of lignification
 E - 2 potions of heal wounds
 F - 3 potions of attraction
Miscellaneous
 c - a lightning rod (4/4)


   Skills:
 + Level 14.0 Fighting
 + Level 11.9 Short Blades
 + Level 12.7 Long Blades
 + Level 11.9 Axes
 + Level 11.9 Maces & Flails
 + Level 11.9 Polearms
 + Level 11.9 Staves
 + Level 11.9 Slings
 + Level 11.9 Bows
 + Level 11.9 Crossbows
 + Level 11.9 Throwing
 + Level 13.3 Armour
 + Level 11.9 Dodging
 + Level 11.9 Stealth
 + Level 13.3 Shields
 + Level 11.9 Unarmed Combat
 + Level 11.9 Spellcasting
 + Level 10.2 Conjurations
 + Level 10.2 Hexes
 + Level 10.2 Summonings
 + Level 10.2 Necromancy
 + Level 10.2 Translocations
 + Level 10.2 Transmutations
 + Level 10.2 Fire Magic
 + Level 10.2 Ice Magic
 + Level 10.2 Air Magic
 + Level 10.2 Earth Magic
 + Level 10.2 Poison Magic
 + Level 12.9 Invocations
 + Level 11.9 Evocations


You had 31 spell levels left.
You knew the following spells:

 Your Spells              Type           Power        Failure   Level
a - Frozen Ramparts       Ice            94%          1%          3
b - Wereblood             Tmut           31%          1%          2
c - Corpse Rot            Necr/Air       N/A          1%          2
d - Sublimation of Blood  Necr           15%          1%          2

Your spell library contained the following spells:

 Spells                   Type           Power        Failure   Level
 Apportation              Tloc           62%          1%          1
 Beastly Appendage        Tmut           62%          1%          1
 Freeze                   Ice            100%         1%          1
 Summon Small Mammal      Summ           100%         1%          1
 Call Imp                 Summ           31%          1%          2
 Passwall                 Tmut/Erth      25%          1%          2
 Swiftness                Air            31%          1%          2
 Call Canine Familiar     Summ           31%          1%          3
 Confusing Touch          Hex            31%          1%          3
 Gell's Gravitas          Tloc           15%          1%          3
 Lesser Beckoning         Tloc           15%          1%          3
 Ozocubu's Armour         Ice            47%          1%          3
 Spider Form              Tmut/Pois      15%          1%          3
 Summon Guardian Golem    Hex/Summ       31%          1%          3
 Tukima's Dance           Hex            31%          1%          3
 Dispel Undead            Necr           31%          1%          4
 Hailstorm                Conj/Ice       47%          1%          4
 Ice Form                 Ice/Tmut       47%          1%          4
 Passage of Golubria      Tloc           N/A          1%          4
 Petrify                  Tmut/Erth      31%          1%          4
 Summon Ice Beast         Ice/Summ       47%          1%          4
 Summon Lightning Spire   Summ/Air       31%          1%          4
 Agony                    Necr           31%          5%          5
 Alistair's Intoxication  Tmut/Pois      20%          5%          5
 Blade Hands              Tmut           15%          5%          5
 Excruciating Wounds      Necr           15%          5%          5
 Lee's Rapid Deconstruct  Erth           15%          5%          5
 Metabolic Englaciation   Hex/Ice        23%          5%          5
 Yara's Violent Unravell  Hex/Tmut       15%          5%          5
 Invisibility             Hex            31%          30%         6


Dungeon Overview and Level Annotations

Branches:
Dungeon (15/15)            Temple (0/1) D:4            Lair (6/6) D:9
 Shoals (4/4) Lair:3       Spider (0/4) Lair:3        Slime (0/5) Lair:5
    Orc (2/2) D:10            Elf (0/3) Orc:2        Vaults (0/5) D:14
 Depths (0/5) D:15        Ossuary (visited)          Bailey (visited)
  IceCv (visited)

Altars:
Cheibriados
Dithmenos
Elyvilon
Gozag
Hepliaklqana
Nemelex Xobeh
Okawaru
Qazlal
Sif Muna
Trog
Uskayaw
Wu Jian
Xom
Yredelemnul
Zin
The Shining One
Beogh

Shops:
D:6 *   D:7 [   Orc:1 [   Orc:2 :(*[

Annotations:
Lair:5 Kirke
Shoals:2 1 runed translucent door, Guqom's ghost, journeyman MiBe


Innate Abilities, Weirdness & Mutations

Your experience applies equally to all skills.
You have very sharp teeth.
Your uncanny sense of smell can sniff out nearby items.


Message History

The merfolk avatar chants its luring song.
The faun casts a spell at you.
You easily resist.
The faun hits you but does no damage.
Unknown command.
You struggle against the net.
The faun shoots a sling bullet.
The sling bullet closely misses you.
The faun shoots a stone.
The stone hits you but does no damage.
The satyr shoots a sling bullet.
The sling bullet hits you. The faun barely misses you.
The faun hits you from afar with a +0 spear!
* * * LOW HITPOINT WARNING * * *
Unknown command.
Unknown command.
You shred the net and break free!
A wind drake comes into view.
The merfolk avatar chants its luring song.
The faun shoots a sling bullet.
You reflect the sling bullet off your +1 kite shield of reflection!
The sling bullet barely misses the faun.
The faun gestures at you while chanting.
You easily resist.
The satyr shoots a sling bullet.
The sling bullet hits you!!
* * * LOW HITPOINT WARNING * * *
The faun hits you from afar with a +0 spear.
* * * LOW HITPOINT WARNING * * *
The faun gestures at you while chanting.
You are outlined in light.
Unknown command.
Unknown command.
Unknown command. [a] - 432 gold - resistance and invisibility [b] - 493 gold - resistance, might and lignification [c] - 220 gold - heal wounds and berserk rage Purchase which effect?
You feel protected.
You become transparent, but the glow from your corona prevents you from becoming completely invisible.
The merfolk avatar chants its luring song.
The faun shoots a sling bullet.
The sling bullet hits you.
* * * LOW HITPOINT WARNING * * *
The satyr shoots a sling bullet.
The sling bullet hits you!!
You die...
Your body crumbles into a pile of gold.

≈≈≈≈≈≈≈≈≈≈≈≈≈≈≈≈≈≈≈≈≈≈≈≈≈≈≈
≈≈≈≈≈≈≈≈≈≈≈≈≈≈≈≈≈≈≈≈≈≈≈≈≈≈≈≈≈≈
#≈..≈≈≈.≈≈≈≈≈≈≈≈≈≈≈≈≈P≈≈≈≈≈≈≈≈
#..≈≈≈..≈k≈..≈≈≈..≈≈≈≈≈≈≈≈≈≈≈
#...≈...............≈≈≈≈≈≈≈≈
#..............####P.≈≈≈≈≈≈≈
#.......≈≈≈...## ##.≈≈≈≈≈≈≈
#.........≈≈.r# ##PP≈≈≈≈≈
#..).≈...<≈≈@## .P≈≈≈≈≈
#.......≈..≈cc###### ######≈
#.........mcc≈c.P...##≈≈ ≈≈
###........(≈m.....##≈....#
#.(..≈.....≈...m..#≈.t≈≈.∆#≈
.....≈...#.≈≈......#.m#≈≈ m≈≈
......≈.....≈....$$.#..X##≈Xm
......≈....≈≈......$#.ww≈#≈≈≈≈
...≈≈.....$$#.#..≈#m≈≈


You could see a merfolk avatar (mesmerising), a satyr (scary, ally target), a
wind drake (repels missiles), 2 merfolk, 4 fauns and a friendly river rat.

Vanquished Creatures
  Jorgrun (D:13)
  A kraken (Shoals:1)
  Frances (Shoals:2)
  An orc warlord (Orc:2)
  A stone giant (Orc:1)
  A dire elephant (Lair:6)
  An ettin (D:15)
  A great orb of eyes (D:15)
  A yaktaur captain (D:14)
  Josephine (Lair:5)
  6 merfolk impalers
  6 hydras
  3 merfolk avatars
  A catoblepas (Shoals:3)
  An ogre mage (Orc:1)
  4 centaur warriors
  14 two-headed ogres
  5 boulder beetles
  3 merfolk aquamancers
  Erica (D:11)
  12 death yaks
  5 satyrs
  6 tengu warriors
  2 orc high priests (Orc:2)
  Urug (D:13)
  Sonja (Lair:1)
  5 skeletal warriors
  6 unseen horrors
  8 sea snakes
  A deep troll (D:15)
  A lindwurm (shapeshifter) (D:14)
  19 harpies
  A lindwurm (Lair:5)
  A deep elf archer (D:15)
  11 orc knights
  A deep elf pyromancer (D:14)
  An orb spider (Lair:3)
  9 manticores
  4 cyclopes
  4 ugly things
  23 fauns
  7 orc sorcerers
  6 slime creatures
  A salamander (shapeshifter) (D:14)
  Maurice (D:13)
  4 centaur zombies
  5 elephants
  A moth of wrath (Orc:1)
  A torpor snail (Lair:6)
  Joseph (D:9)
  3 ice statues (IceCv)
  A black mamba (Lair:4)
  8 merfolk sirens
  3 water nymphs
  A gargoyle (D:13)
  6 rime drakes
  20 cane toads
  11 komodo dragons
  A kobold demonologist (D:15)
  2 tengu conjurers (D:15)
  3 yaktaurs
  A freezing wraith (D:14)
  A silent spectre (Orc:1)
  9 trolls
  A yaktaur (shapeshifter) (D:13)
  5 wind drakes
  25 merfolk
  3 polar bears
  A queen bee (Lair:2)
  6 blink frogs
  7 hornets
  10 dream sheep
  6 snapping turtles
  A centaur simulacrum (D:15)
  11 water elementals
  2 shadows (D:15)
  12 spriggans (Lair:3)
  60 yaks
  3 hogs (Lair:5)
  4 wyverns
  10 basilisks
  A steam dragon (D:12)
  4 wraiths
  Eustachio (D:5)
  A fire elemental (D:14)
  6 wargs
  A redback simulacrum (D:14)
  4 vampire mosquitoes (D:15)
  Menkaure (D:7)
  A soldier ant (D:11)
  2 acid dragons
  12 water moccasins
  2 black bears
  Duvessa (D:6)
  2 eyes of draining
  48 orc warriors
  2 sky beasts
  15 ogres
  3 boggarts (Lair:3)
  8 ice beasts
  2 necrophages
  25 wolves
  8 centaurs
  4 phantoms
  3 kobold brigands
  A gnoll sergeant (D:10)
  14 bullfrogs
  Dowan (D:6)
  A wyvern skeleton (D:13)
  A hornet simulacrum (D:15)
  5 scorpions
  40 killer bees
  11 wights
  6 howler monkeys
  3 electric eels (Lair:1)
  2 quasits
  5 hounds
  20 orc priests
  2 bullfrog skeletons
  6 centaur skeletons
  5 jellies
  Natasha (thrice) (D:4)
  4 iguanas
  24 orc wizards
  13 worker ants
  A hound zombie (D:7)
  A hound skeleton (D:5)
  A mummy (Ossuary)
  A worker ant zombie (D:5)
  14 gnolls
  A howler monkey skeleton (D:7)
  16 adders
  A shadow imp (D:5)
  3 white imps
  An ufetubus (D:8)
  An adder skeleton (D:8)
  2 adder zombies (D:9)
  3 worms
  4 dart slugs (D:1)
  9 leopard geckos
  100 orcs
  4 spectral bats (Ossuary)
  2 bat simulacra (Ossuary)
  8 giant cockroaches
  12 gnoll zombies (Ossuary)
  20 goblins
  9 hobgoblins
  4 jackals (D:7)
  3 quokkas
  5 ball pythons
  15 bats
  10 frilled lizards
  2 goblin simulacra (Ossuary)
  10 goblin zombies
  4 hobgoblin zombies (Ossuary)
  A jackal skeleton (D:5)
  23 kobolds
  3 kobold zombies (Ossuary)
  2 leopard gecko skeletons
  3 orc zombies (Ossuary)
  8 rats
  3 rat simulacra (Ossuary)
  5 spectral goblins (Ossuary)
  3 spectral rats (Ossuary)
  A fire vortex (D:14)
  2 tentacles (Shoals:1)
1085 creatures vanquished.

Vanquished Creatures (collateral kills)
  A hydra (Lair:5)
  A catoblepas (D:11)
  2 two-headed ogres
  An ugly thing (D:13)
  2 merfolk
  A phantom (D:13)
  2 wights (D:14)
  A centaur zombie (D:11)
  A jelly (D:12)
  A hound zombie (D:11)
13 creatures vanquished.

Vanquished Creatures (others)
  2 orc warriors (Orc:2)
  An orc wizard (D:12)
  34 fungi
  141 plants
  9 tentacles
  A withered plant (Shoals:3)
188 creatures vanquished.

Grand Total: 1286 creatures vanquished

Notes
Turn   | Place    | Note
-------+----------+-------------------------------------------
     0 | D:1      | gruber the Gnoll Fighter began the quest for the Orb.
     0 | D:1      | Reached XP level 1. HP: 23/23 MP: 1/1
    87 | D:1      | Reached XP level 2. HP: 29/29 MP: 2/2
   458 | D:1      | Reached XP level 3. HP: 27/35 MP: 3/3
  1006 | D:2      | Found an opulent altar of Gozag.
  1008 | D:2      | Found a glowing silver altar of Zin.
  1009 | D:2      | Found an ornate altar of the Wu Jian Council.
  1029 | D:2      | Reached skill level 1 in Invocations
  1126 | D:2      | Found a bloodstained altar of Trog.
  1467 | D:2      | Reached skill level 1 in Short Blades
  1467 | D:2      | Reached skill level 1 in Axes
  1467 | D:2      | Reached skill level 1 in Maces & Flails
  1467 | D:2      | Reached skill level 1 in Polearms
  1467 | D:2      | Reached skill level 1 in Staves
  1467 | D:2      | Reached skill level 1 in Slings
  1467 | D:2      | Reached skill level 1 in Bows
  1467 | D:2      | Reached skill level 1 in Crossbows
  1467 | D:2      | Reached skill level 1 in Throwing
  1467 | D:2      | Reached skill level 1 in Dodging
  1467 | D:2      | Reached skill level 1 in Stealth
  1467 | D:2      | Reached skill level 1 in Unarmed Combat
  1467 | D:2      | Reached skill level 1 in Spellcasting
  1467 | D:2      | Reached skill level 1 in Evocations
  1577 | D:2      | Reached XP level 4. HP: 41/41 MP: 5/5
  1855 | D:2      | Found a shimmering blue altar of Sif Muna.
  2114 | D:2      | Found a stormy altar of Qazlal.
  2268 | D:3      | Noticed a +0 dagger
  2270 | D:3      | Noticed a +0 dagger
  2272 | D:3      | Found a hide-covered altar of Uskayaw.
  2597 | D:3      | Reached skill level 1 in Conjurations
  2597 | D:3      | Reached skill level 1 in Hexes
  2597 | D:3      | Reached skill level 1 in Summonings
  2597 | D:3      | Reached skill level 1 in Necromancy
  2597 | D:3      | Reached skill level 1 in Translocations
  2597 | D:3      | Reached skill level 1 in Transmutations
  2597 | D:3      | Reached skill level 1 in Fire Magic
  2597 | D:3      | Reached skill level 1 in Ice Magic
  2597 | D:3      | Reached skill level 1 in Air Magic
  2597 | D:3      | Reached skill level 1 in Earth Magic
  2597 | D:3      | Reached skill level 1 in Poison Magic
  2717 | D:3      | Found a white marble altar of Elyvilon.
  2910 | D:3      | Reached XP level 5. HP: 47/47 MP: 6/6
  2970 | D:2      | Became a worshipper of Gozag Ym Sagoz the Greedy
  3020 | D:3      | Found a shimmering altar of Xom.
  3173 | D:4      | Noticed an ogre
  3181 | D:4      | Killed an ogre
  3251 | D:4      | Found a snail-covered altar of Cheibriados.
  3285 | D:4      | Reached XP level 6. HP: 52/53 MP: 8/8
  3319 | D:4      | Reached skill level 5 in Long Blades
  3612 | D:4      | Found a staircase to the Ecumenical Temple.
  3728 | D:4      | Found a basalt altar of Yredelemnul.
  3755 | D:4      | Noticed Natasha
  3763 | D:4      | Killed Natasha
  3851 | D:4      | Reached XP level 7. HP: 19/59 MP: 4/10
  4430 | D:4      | Noticed Natasha
  4440 | D:4      | Killed Natasha
  4511 | D:4      | Reached skill level 7 in Fighting
  4530 | D:4      | Noticed Natasha
  4538 | D:4      | Killed Natasha
  4798 | D:5      | Entered Level 5 of the Dungeon
  4832 | D:5      | Found a sand-covered staircase.
  4897 | D:5      | Noticed Eustachio
  4906 | Ossuary  | Entered an ossuary
  5462 | D:5      | Killed Eustachio
  5686 | D:4      | Reached XP level 8. HP: 53/67 MP: 9/12
  6630 | D:6      | Noticed Dowan
  6630 | D:6      | Noticed Duvessa
  6647 | D:6      | Killed Duvessa
  6672 | D:6      | Killed Dowan
  6811 | D:6      | Found a shadowy altar of Dithmenos.
  7199 | D:6      | Found a glowing drain.
  7272 | D:6      | Found Doeruaxu's General Store.
  7275 | D:6      | Bought a scroll of blinking for 105 gold pieces
  7340 | D:6      | Found an iron altar of Okawaru.
  7340 | D:6      | Found a glowing golden altar of the Shining One.
  7591 | D:7      | Reached XP level 9. HP: 53/72 MP: 12/14
  7835 | D:7      | Noticed Menkaure
  7844 | D:7      | Killed Menkaure
  8134 | D:7      | Found Atty Teu's Armour Shop.
  8148 | D:7      | Bought a +2 buckler of protection for 215 gold pieces
  8204 | D:7      | Found a hazy altar of Hepliaklqana.
  8205 | D:7      | Found a shadowy altar of Dithmenos.
  8215 | D:7      | Found a flagged portal.
  8220 | Bailey   | Entered a bailey
  8605 | Bailey   | Noticed an orc knight
 10397 | D:7      | Reached skill level 8 in Fighting
 10408 | D:7      | Found the +7 Singing Sword {vorpal, sonic wave}
 10617 | D:8      | Reached skill level 5 in Invocations
 10787 | D:8      | Found a sparkling altar of Nemelex Xobeh.
 10799 | D:8      | Found an ornate altar of the Wu Jian Council.
 11155 | D:8      | Reached XP level 10. HP: 71/80 MP: 15/17
 11740 | D:9      | Noticed Joseph
 11783 | D:9      | Killed Joseph
 11784 | D:9      | Reached skill level 5 in Short Blades
 11784 | D:9      | Reached skill level 5 in Axes
 11784 | D:9      | Reached skill level 5 in Maces & Flails
 11784 | D:9      | Reached skill level 5 in Polearms
 11784 | D:9      | Reached skill level 5 in Staves
 11784 | D:9      | Reached skill level 5 in Slings
 11784 | D:9      | Reached skill level 5 in Bows
 11784 | D:9      | Reached skill level 5 in Crossbows
 11784 | D:9      | Reached skill level 5 in Throwing
 11784 | D:9      | Reached skill level 5 in Dodging
 11784 | D:9      | Reached skill level 5 in Stealth
 11784 | D:9      | Reached skill level 5 in Unarmed Combat
 11784 | D:9      | Reached skill level 5 in Spellcasting
 11784 | D:9      | Reached skill level 5 in Evocations
 11830 | D:9      | Noticed a two-headed ogre
 11859 | D:9      | Killed a two-headed ogre
 11961 | D:9      | Found a staircase to the Lair.
 11961 | D:9      | Noticed an elephant
 11992 | D:9      | Killed an elephant
 12438 | D:9      | Noticed a two-headed ogre
 12459 | D:9      | Killed a two-headed ogre
 12745 | D:9      | Reached XP level 11. HP: 80/86 MP: 17/19
 13274 | D:10     | Entered Level 10 of the Dungeon
 13819 | D:10     | Reached skill level 9 in Fighting
 13847 | D:10     | Reached skill level 5 in Conjurations
 13847 | D:10     | Reached skill level 5 in Hexes
 13847 | D:10     | Reached skill level 5 in Summonings
 13847 | D:10     | Reached skill level 5 in Necromancy
 13847 | D:10     | Reached skill level 5 in Translocations
 13847 | D:10     | Reached skill level 5 in Transmutations
 13847 | D:10     | Reached skill level 5 in Fire Magic
 13847 | D:10     | Reached skill level 5 in Ice Magic
 13847 | D:10     | Reached skill level 5 in Air Magic
 13847 | D:10     | Reached skill level 5 in Earth Magic
 13847 | D:10     | Reached skill level 5 in Poison Magic
 14003 | D:10     | Found a staircase to the Orcish Mines.
 14322 | D:10     | Killed an unseen horror
 14896 | D:10     | Noticed a two-headed ogre
 14940 | D:10     | Killed a two-headed ogre
 15573 | Lair:1   | Entered Level 1 of the Lair of Beasts
 16094 | Lair:1   | Noticed Sonja
 16171 | D:11     | Found the +2 ratskin cloak {*Rats rPois rN+ Str-1 Int-1
                  | Dex+1}
 16227 | D:11     | Noticed a catoblepas
 16482 | D:11     | Noticed a boulder beetle
 16485 | D:11     | Noticed a skeletal warrior
 16486 | D:11     | Noticed a skeletal warrior
 16542 | D:11     | Noticed a skeletal warrior
 16557 | D:11     | Noticed a skeletal warrior
 16609 | D:10     | Killed a skeletal warrior
 16936 | D:10     | Killed a skeletal warrior
 17305 | D:10     | Killed a skeletal warrior
 17306 | D:10     | Reached XP level 12. HP: 52/96 MP: 14/22
 17477 | D:10     | Learned a level 3 spell: Frozen Ramparts
 18127 | D:11     | Killed a boulder beetle
 18235 | D:11     | You fall into a shaft and drop 2 floors!
 18543 | D:13     | Noticed a boulder beetle
 18608 | D:13     | Killed a boulder beetle
 18669 | D:13     | Noticed a boulder beetle
 18675 | D:13     | Noticed Jorgrun
 18686 | D:13     | Killed a boulder beetle
 18700 | D:13     | Noticed a centaur warrior
 18721 | D:13     | Noticed Urug
 18721 | D:13     | Noticed Maurice
 19076 | D:14     | Found a gate to the Vaults.
 19077 | D:14     | Noticed a yaktaur captain
 19096 | D:14     | Killed a yaktaur captain
 19102 | D:14     | Reached skill level 10 in Fighting
 19102 | D:14     | Reached skill level 10 in Armour
 19102 | D:14     | Reached skill level 10 in Shields
 19528 | D:14     | Noticed a boulder beetle
 19549 | D:14     | Killed a boulder beetle
 20263 | D:14     | Reached XP level 13. HP: 75/103 MP: 17/24
 21298 | D:13     | Killed Jorgrun
 21842 | D:13     | Killed Urug
 22102 | D:13     | Killed Maurice
 22346 | D:12     | HP: 3/104 [boulder beetle (21)]
 23459 | D:12     | Reached XP level 14. HP: 74/111 MP: 17/26
 23496 | D:12     | Reached skill level 10 in Long Blades
 24000 | D:11     | Learned a level 2 spell: Wereblood
 24154 | D:11     | Noticed Erica
 24358 | D:12     | Reached skill level 11 in Fighting
 25064 | D:11     | Killed Erica
 26058 | D:13     | Got an iridescent long sword
 26059 | D:13     | Identified the +9 long sword of Tied {protect, Int+5} (You
                  | found it on level 13 of the Dungeon)
 26111 | D:13     | Reached skill level 10 in Invocations
 26488 | D:14     | Learned a level 2 spell: Corpse Rot
 26491 | D:14     | Learned a level 2 spell: Sublimation of Blood
 26859 | D:15     | Entered Level 15 of the Dungeon
 27351 | D:15     | Paralysed by an orc sorcerer for 5 turns
 27694 | D:15     | Found an opulent altar of Gozag.
 28167 | D:15     | Found a staircase to the Depths.
 28936 | Lair:1   | Reached XP level 15. HP: 116/119 MP: 22/28
 29263 | Lair:1   | Found the +4 moon troll leather armour {Spirit, Regen++
                  | MP+5}
 29300 | Lair:1   | Killed Sonja
 30917 | Lair:3   | Reached skill level 10 in Short Blades
 30917 | Lair:3   | Reached skill level 10 in Axes
 30917 | Lair:3   | Reached skill level 10 in Maces & Flails
 30917 | Lair:3   | Reached skill level 10 in Polearms
 30917 | Lair:3   | Reached skill level 10 in Staves
 30917 | Lair:3   | Reached skill level 10 in Slings
 30917 | Lair:3   | Reached skill level 10 in Bows
 30917 | Lair:3   | Reached skill level 10 in Crossbows
 30917 | Lair:3   | Reached skill level 10 in Throwing
 30917 | Lair:3   | Reached skill level 10 in Dodging
 30917 | Lair:3   | Reached skill level 10 in Stealth
 30917 | Lair:3   | Reached skill level 10 in Unarmed Combat
 30917 | Lair:3   | Reached skill level 10 in Spellcasting
 30917 | Lair:3   | Reached skill level 10 in Evocations
 31431 | Lair:3   | Found a hole to the Spider Nest.
 31906 | Lair:3   | Found a staircase to the Shoals.
 31979 | Lair:4   | Found a hide-covered altar of Uskayaw.
 32074 | Lair:4   | Identified a scroll of acquirement
 32075 | Lair:4   | Acquired the +10 tower shield of Ignorance {rN+ Int-4}
 32076 | Lair:4   | Found the +10 tower shield of Ignorance {rN+ Int-4}
 32225 | Lair:4   | Found a frozen archway.
 32245 | IceCv    | Entered an ice cave
 32636 | IceCv    | Got a twisted spear
 32637 | IceCv    | Identified the +8 spear "Sidghiat" {vamp, +Fly rF+ rC+ rN+
                  | MP-9} (You found it in an ice cave)
 32850 | Lair:4   | Got a flickering glass ring
 32851 | Lair:4   | Identified the ring "Diar" {Ice Dex+3 SInv} (You found it
                  | on level 4 of the Lair of Beasts)
 33130 | Lair:4   | Reached skill level 12 in Fighting
 33426 | Lair:5   | Found an ornate altar of the Wu Jian Council.
 33535 | Lair:5   | Noticed Josephine
 33928 | Lair:5   | Found a staircase to the Slime Pits.
 33929 | Lair:5   | Noticed Kirke
 34246 | Lair:5   | Killed Josephine
 34296 | Lair:5   | Noticed a sphinx
 34739 | Lair:6   | Entered Level 6 of the Lair of Beasts
 34845 | Lair:6   | Reached XP level 16. HP: 122/127 MP: 12/30
 35770 | Lair:6   | Found the +2 hat of the Bear Spirit {Spirit, +Rage rN+
                  | Will++}
 36365 | Orc:1    | Entered Level 1 of the Orcish Mines
 36365 | Orc:1    | Found Xetaxer's Armour Shop.
 36376 | Orc:1    | Bought a +2 pair of boots of rampaging for 365 gold pieces
 36547 | Orc:1    | You fall into a shaft and drop 1 floor!
 36547 | Orc:2    | Entered Level 2 of the Orcish Mines
 36743 | Orc:2    | Found Xurphaghu's Antique Weapon Emporium.
 36811 | Orc:2    | Bought an encrusted hand crossbow for 204 gold pieces
 36811 | Orc:2    | Identified the +10 hand crossbow of Jeubreimm {elec, rElec
                  | rN++ Dex-5} (You bought it in a shop on level 2 of the
                  | Orcish Mines)
 38279 | Orc:1    | Found a roughly hewn altar of Beogh.
 38485 | Orc:1    | Found a bloodstained altar of Trog.
 38486 | Orc:1    | Found the necklace of Bloodlust {*Rage +Rage Will++ Int-3
                  | Slay+6}
 38512 | Orc:2    | Found Ziech's General Store.
 38722 | Orc:2    | Found Ithuwaud's Antique Armour Emporium.
 38725 | Orc:2    | Found a staircase to the Elven Halls.
 39077 | Orc:2    | Found Geuxul's Book Emporium.
 39470 | Orc:1    | Found a transporter.
 39538 | Orc:1    | Found a transporter.
 39541 | Orc:1    | Found a runed translucent door.
 40069 | Orc:1    | Got a fine plate armour
 40080 | Orc:1    | Identified the +1 plate armour of the Kangaroo {-Tele Will+
                  | rCorr MP+9} (You found it on level 1 of the Orcish Mines)
 40276 | Shoals:1 | Entered Level 1 of the Shoals
 40300 | Shoals:1 | Reached XP level 17. HP: 58/135 MP: 7/32
 40309 | Shoals:1 | HP: 2/135 [harpy (10)]
 40546 | Shoals:1 | Noticed a kraken
 40612 | Shoals:1 | Noticed a kraken
 40638 | Shoals:1 | Killed a kraken
 40927 | Shoals:1 | Reached skill level 13 in Fighting
 42326 | Shoals:2 | Noticed Frances
 42344 | Shoals:2 | Killed Frances
 42345 | Shoals:2 | Reached skill level 10 in Conjurations
 42345 | Shoals:2 | Reached skill level 10 in Hexes
 42345 | Shoals:2 | Reached skill level 10 in Summonings
 42345 | Shoals:2 | Reached skill level 10 in Necromancy
 42345 | Shoals:2 | Reached skill level 10 in Translocations
 42345 | Shoals:2 | Reached skill level 10 in Transmutations
 42345 | Shoals:2 | Reached skill level 10 in Fire Magic
 42345 | Shoals:2 | Reached skill level 10 in Ice Magic
 42345 | Shoals:2 | Reached skill level 10 in Air Magic
 42345 | Shoals:2 | Reached skill level 10 in Earth Magic
 42345 | Shoals:2 | Reached skill level 10 in Poison Magic
 42357 | Shoals:2 | Found a runed translucent door.
 42358 | Shoals:2 | Noticed Guqom's ghost (journeyman MiBe)
 43555 | Shoals:3 | Noticed a kraken
 43660 | Shoals:3 | Reached XP level 18. HP: 145/145 MP: 29/33
 43942 | Shoals:4 | Entered Level 4 of the Shoals
 44169 | Shoals:4 | Reached skill level 14 in Fighting
 44244 | Shoals:4 | Shot with a sling bullet by a satyr

Illustrated notes

Levels and vault maps discovered:
D:1:      onia_arrival_mini_maze_b, layout_basic
D:2:      layout_loops_corners, overflow_temple_1_default, led_sif_pool,
          nicolae_overflow_hidden_temple, overflow_temple_1_default,
          minmay_lizard_king
D:3:      layout_loops_ring, marbit_many_paths, dancing_weapons_uskayaw,
          lemuel_doored_altar
D:4:      layout_gridville, nicolae_overflow_crystal_walls, cheibriados_altar_1,
          temple_pool_b, mrwooster_statue_mirror, minmay_strange_pillars,
          minmay_goblin_outpost, uniq_natasha
D:5:      layout_cave_pools, enter_ossuary_4, serial_bayou_pond_a,
          uniq_eustachio
D:6:      layout_loops_ring, gammafunk_temple_overflow_statue,
          gup_sewer_entry_pipe, serial_shops, kennysheep_mini_moat,
          minmay_misc_feat_ornament, grunt_dithmenos_smoke, uniq_duvessa
D:7:      old_forge, layout_cave_pools, riverfiend_overflow_shadow_ancestor,
          serial_shops, shop, enter_bailey_3, uniq_menkaure
D:8:      layout_gridville, nemelex_xobeh_ov_fountains_minmay, basic_altar
D:9:      layout_loops_ring, david_lair_generic, glass_columns_a, uniq_joseph
D:10:     layout_roguey, david_orc_1_choice
D:11:     layout_long_grid, uniq_erica
D:12:     layout_rooms, kennysheep_generic_room_3
D:13:     layout_long_grid, uniq_urug, uniq_jorgrun, uniq_maurice
D:14:     layout_basic, david_vaults_2, minmay_misc_feat_rows, st_stairs_10
D:15:     hangedman_depths_entry_civil_slaughter, layout_loops_cross,
          lemuel_coloured_pillars_altar, grunt_decor_mini_mirrors
Lair:1:   layout_chaotic_city, serial_bayou_lake_a, grunt_megastairs_5,
          uniq_sonja
Lair:2:   layout_roguey [special_room_bee], grunt_megastairs_1,
          infiniplex_staircase_pool
Lair:3:   kb_forest_paths, layout_regular_city, elwin_shoals_entry_rooms,
          nicolae_spider_entry_orb_guardian, wad_woods_river_03,
          serial_bayou_lagoon_a
Lair:4:   layout_roguey, portal_ice_cave_entry_pillars_2, basic_altar,
          bh_autumn_forest_stairs, grunt_megastairs_2
Lair:5:   layout_roguey, minmay_slime_entry_pillars, basic_altar, uniq_kirke,
          uniq_josephine
Lair:6:   gammafunk_lair_ancient_temple, layout_cave_shapes
Shoals:1: layout_shoals, nicolae_shoals_kraken_intersection
Shoals:2: cheibrodos_shoals_oceanic_diplomacy, layout_shoals,
          ebering_ghost_inner_flame, nicolae_shoals_isolated_beach, uniq_frances
Shoals:3: layout_shoals, argonaut_gorgonesque
Shoals:4: shoals_end_hangedman, layout_shoals
Orc:1:    emtedronai_trogs_sanctum, layout_caves, serial_shops, shop,
          basic_altar
Orc:2:    grunt_orc_gardens, layout_caves, grunt_orc_garden, grunt_orc_garden,
          grunt_orc_garden, grunt_orc_garden

Skill      XL: |  1  2  3  4  5  6  7  8  9 10 11 12 13 14 15 16 17 18 |
---------------+-------------------------------------------------------+-----
Invocations    | 1 2 3 4 5 6 7 8 9 10 11 12 | 12.9
Short Blades   | 1 2 3 4 5 6 7 8 9 10 11 | 11.9
Axes           | 1 2 3 4 5 6 7 8 9 10 11 | 11.9
Maces & Flails | 1 2 3 4 5 6 7 8 9 10 11 | 11.9
Polearms       | 1 2 3 4 5 6 7 8 9 10 11 | 11.9
Staves         | 1 2 3 4 5 6 7 8 9 10 11 | 11.9
Slings         | 1 2 3 4 5 6 7 8 9 10 11 | 11.9
Bows           | 1 2 3 4 5 6 7 8 9 10 11 | 11.9
Crossbows      | 1 2 3 4 5 6 7 8 9 10 11 | 11.9
Throwing       | 1 2 3 4 5 6 7 8 9 10 11 | 11.9
Dodging        | 1 2 3 4 5 6 7 8 9 10 11 | 11.9
Stealth        | 1 2 3 4 5 6 7 8 9 10 11 | 11.9
Unarmed Combat | 1 2 3 4 5 6 7 8 9 10 11 | 11.9
Spellcasting   | 1 2 3 4 5 6 7 8 9 10 11 | 11.9
Evocations     | 1 2 3 4 5 6 7 8 9 10 11 | 11.9
Conjurations   | 1 2 3 4 5 6 7 8 9 10 | 10.2
Hexes          | 1 2 3 4 5 6 7 8 9 10 | 10.2
Summonings     | 1 2 3 4 5 6 7 8 9 10 | 10.2
Necromancy     | 1 2 3 4 5 6 7 8 9 10 | 10.2
Translocations | 1 2 3 4 5 6 7 8 9 10 | 10.2
Transmutations | 1 2 3 4 5 6 7 8 9 10 | 10.2
Fire Magic     | 1 2 3 4 5 6 7 8 9 10 | 10.2
Ice Magic      | 1 2 3 4 5 6 7 8 9 10 | 10.2
Air Magic      | 1 2 3 4 5 6 7 8 9 10 | 10.2
Earth Magic    | 1 2 3 4 5 6 7 8 9 10 | 10.2
Poison Magic   | 1 2 3 4 5 6 7 8 9 10 | 10.2
Long Blades    | 5 6 7 8 9 10 11 12 | 12.7
Fighting       | 7 8 9 10 11 12 13 14 | 14.0
Armour         | 7 8 9 10 11 12 13 | 13.3
Shields        | 7 8 9 10 11 12 13 | 13.3

Action                   |  1- 3 |  4- 6 |  7- 9 | 10-12 | 13-15 | 16-18 || total
-------------------------+-------+-------+-------+-------+-------+-------++-------
Melee: Long sword        |   127 |   150 |   615 |       |   696 |     9 ||  1597
       Bite              |    11 |     8 |    86 |   164 |   217 |   219 ||   705
       Trident           |       |       |   212 |   219 |       |       ||   431
       Spear             |       |       |       |  1054 |   980 |  2323 ||  4357
       Morningstar       |       |       |       |       |    38 |       ||    38
       Unarmed           |       |       |       |       |    21 |       ||    21
       Scimitar          |       |       |       |       |    48 |       ||    48
 Fire: Hunting sling     |       |       |       |       |    20 |       ||    20
       Hand crossbow     |       |       |       |       |       |     4 ||     4
Throw: Dart              |       |       |       |    64 |    43 |     1 ||   108
       Javelin           |       |       |       |       |     8 |    14 ||    22
 Cast: Frozen Ramparts   |       |       |       |    15 |    78 |    56 ||   149
       Wereblood         |       |       |       |       |    24 |    32 ||    56
Invok: Potion Petition   |       |       |       |     2 |     1 |     2 ||     5
 Abil: Evoke Flight      |       |       |       |       |       |    17 ||    17
Evoke: Wand              |       |       |       |     1 |     3 |     1 ||     5
  Use: Scroll            |       |       |       |     2 |    31 |     4 ||    37
 Stab: Distracted        |       |       |     7 |     4 |     7 |    26 ||    44
       Sleeping          |       |       |       |     1 |    21 |     8 ||    30
Armor: Scale mail        |    60 |    66 |   418 |   368 |   471 |       ||  1383
       Skin              |       |       |       |       |     4 |       ||     4
       Troll leather arm |       |       |       |       |   213 |   390 ||   603
Dodge: Dodged            |    45 |    52 |   380 |   349 |   729 |  1007 ||  2562
Block: Kite shield       |    78 |    74 |   359 |       |       |   114 ||   625
       Buckler           |       |       |   141 |   326 |   539 |   579 ||  1585
       Reflection        |       |       |       |       |     2 |    50 ||    52
       Rpst.: Long sword |    11 |    13 |    91 |       |    98 |     1 ||   214
       Scimitar          |       |       |       |       |     4 |       ||     4

Table legend: (Time is in decaauts)
 A = Elapsed time spent in this place.
 B = Non-inter-level travel time spent in this place.
 C = Inter-level travel time spent in this place.
 D = Time resting spent in this place.
 E = Time spent auto-exploring this place.
 F = Levels seen in this place.
 G = Mean time per level.
                   A        B        C        D        E       F      G
               +--------+--------+--------+--------+--------+-----+--------+
         Total |  43009 |  39602 |   3407 |   2874 |  26333 |  30 | 1433.6 |
       Dungeon |  26651 |  24658 |   1993 |   2000 |  17198 |  15 | 1776.7 |
          Lair |   7677 |   6634 |   1043 |     77 |   4957 |   6 | 1279.5 |
        Shoals |   3436 |   3309 |    127 |      5 |   1887 |   4 |  859.0 |
  Orcish Mines |   2364 |   2123 |    241 |    124 |   1019 |   2 | 1182.0 |
       Ossuary |    568 |    568 |      0 |      0 |    349 |   1 |  568.0 |
        Bailey |   1896 |   1896 |      0 |    668 |    793 |   1 | 1896.0 |
      Ice Cave |    413 |    413 |      0 |      0 |    130 |   1 |  413.0 |
               +--------+--------+--------+--------+--------+-----+--------+

Top non-repeatable levels by time:
    D:10: 4012 daAuts
    D:14: 3464 daAuts
    D:13: 2156 daAuts
    D:11: 1998 daAuts
     D:9: 1906 daAuts
  Bailey: 1896 daAuts
     D:4: 1896 daAuts
  Lair:1: 1706 daAuts
    D:12: 1576 daAuts
  Lair:3: 1575 daAuts
    D:15: 1528 daAuts
   Orc:1: 1516 daAuts
  Lair:5: 1477 daAuts
     D:2: 1364 daAuts
     D:8: 1267 daAuts
